 Dungeon Crawl Stone Soup version 0.14-a0-1576-gf4c5cb9 (webtiles) character file.

5141 M4edhros the Nimble (level 10, -4/58 HPs)
             Began as an Octopode Transmuter on Dec 21, 2013.
             Was a Plaything of Xom.
             Slain by Grum
             ... wielding a -2,+0 spear
              (17 damage)
             ... on Level 8 of the Dungeon.
             The game lasted 00:20:44 (7947 turns).

M4edhros the Nimble (Octopode Transmuter)           Turns: 7947, Time: 00:20:45

HP  -4/58        AC  6     Str 10      XL: 10   Next: 48%
MP  16/16        EV 13     Int 19      God: Xom
Gold 339         SH 19     Dex 12      Spells:  3 memorised,  7 levels left

rFire  . . .     SeeInvis .     w - +0 whip (elec)
rCold  + . .     Clarity  .     t - +0 orc large shield
rNeg   . . .     Conserve .     (helmet restricted)
rPois  +         rCorr    .     h - amulet of rage
rElec  .         rRot     .     e - ring of protection from cold
SustAb + .       Spirit   .     j - +5 ring of protection
rMut   .         Warding  .     x - ring of sustain abilities
Saprov . . .     Stasis   .     q - ring of poison resistance
                                (no ring)
                                (no ring)
                                (no ring)
                                (no ring)

@: exhausted, slowed, very slow, somewhat resistant to hostile enchantments,
fairly stealthy
A: almost no armour, amphibious, 8 rings, constrict 8, camouflage 1, gelatinous
body 1
a: Renounce Religion, Evoke Berserk Rage


You were on level 8 of the Dungeon.
You worshipped Xom.
You were a toy of Xom.
You were not hungry.

You visited 2 branches of the dungeon, and saw 9 of its levels.
You also visited: Sewer.

You collected 339 gold pieces.

Inventory:

Hand weapons
 n - a +1,+2 mace of protection
 u - a +0,+2 vampiric spear
 w - a +0,+0 whip of electrocution (weapon)
Missiles
 b - 3 arrows
Armour
 t - a +0 orcish large shield (worn)
Magical devices
 o - a wand of fire (10)
 C - a wand of slowing (17) {unknown}
Comestibles
 a - 8 bread rations
 g - 6 chokos
 p - a pear
 s - 2 lemons
Scrolls
 c - 2 scrolls of teleportation
 f - 2 scrolls of identify
 k - a scroll of fog
 r - 4 scrolls of remove curse {unknown}
 v - a scroll of random uselessness {unknown}
 A - a scroll of blinking
 D - a scroll of summoning {unknown}
Jewellery
 e - a ring of protection from cold (left tentacle)
 h - an amulet of rage (around mantle)
 j - a +5 ring of protection (right tentacle)
 l - an uncursed amulet of warding
 m - an uncursed amulet of resist mutation
 q - a ring of poison resistance (on tentacle)
 x - a ring of sustain abilities (on tentacle)
 B - a cursed amulet of faith
Potions
 i - a potion of heal wounds
 z - a potion of porridge
Books
 d - a book of Changes

   Spells                             Type                      Level
   *Beastly Appendage                 Transmutation                1
   *Sticks to Snakes                  Transmutation                2
   *Spider Form                       Transmutation/Poison         3
   Ice Form                           Ice/Transmutation            4
   Blade Hands                        Transmutation                5
 y - a book of Callings

   Spells                             Type                      Level
   Summon Small Mammal                Summoning                    1
   Call Imp                           Summoning                    2
   Call Canine Familiar               Summoning                    3
   Summon Scorpions                   Summoning/Poison             4
   Summon Ice Beast                   Ice/Summoning                4


   Skills:
 - Level 1.0 Fighting
 * Level 12.4 Dodging
 - Level 5.0 Unarmed Combat
 - Level 2.0 Spellcasting
 - Level 7.5 Transmutations


You had 7 spell levels left.
You knew the following spells:

 Your Spells              Type           Power        Failure   Level  Hunger
a - Beastly Appendage     Trmt           ####..       28%         1    #......
b - Sticks to Snakes      Trmt           ####......   41%         2    ##.....
c - Spider Form           Trmt/Pois      ###.......   100%        3    ####...


Dungeon Overview and Level Annotations

Branches:
Dungeon (8/16)             Temple (1/1) D:6
   Lair: D:8-11

Altars:
Cheibriados
Elyvilon
Fedhas
Kikubaaqudgha
Makhleb
Nemelex Xobeh
Okawaru
Sif Muna
Trog
Xom

Annotations:
D:8 Grum


Innate Abilities, Weirdness & Mutations

You cannot wear most types of armour.
You are amphibious.
You can wear up to eight rings at the same time.*
You can use your tentacles to constrict many enemies at once.*
Your skin changes colour to match your surroundings (Stlth).*
Your rubbery body absorbs attacks (AC +1).*


Message History

The adder is almost dead.
You block the adder's attack.
The giant centipede stings you but does no damage.
Grum completely misses you.
You hit the adder.
You kill the adder!
The giant centipede closely misses you.
You are no longer berserk.
You are exhausted.
You feel yourself slow down. Grum closely misses you.
You block the giant centipede's attack.
You see here a wolf corpse.
You hit Grum. Your grab misses Grum.
Grum is lightly wounded.
The giant centipede stings you but does no damage.
You block Grum's attack.
The giant centipede stings you but does no damage.
Grum hits you with a spear!
You die...
Xom chortles!

.. . # . .. ...#
.####.#.....
.......#.<$...
....##.#.......
#.#.#............
#.#.#............
#.#.#%###...#.....
#.#.#s@g..........
#.#.#.##....#.....
#...._.##........
#...#.###.##.....
###########.........#
.#...
.............#%#.####
# .
##.......#.......#
#.#.#...#..##......
##.#.#....#......###


You could see Grum and a giant centipede.

Vanquished Creatures
  Pikel (D:4)
  The ghost of Vidiiot the Sneak, an experienced KoAr (D:7)
  A spriggan (D:7)
  A troll (D:7)
  4 wolves (D:8)
  Eustachio (D:7)
  A hippogriff (D:7)
  Edmund (D:5)
  A slave (D:4)
  A sky beast (D:7)
  An ice beast (D:6)
  2 orc warriors (D:7)
  2 ogres (D:7)
  A water moccasin (D:6)
  3 centaurs
  A phantom (D:7)
  4 giant frogs
  7 killer bees (D:7)
  A yak skeleton (D:7)
  2 crimson imps
  2 jellies
  2 hounds
  Crazy Yiuf (D:2)
  3 iguanas
  5 worker ants
  9 orc wizards
  A quasit (D:7)
  A two-headed ogre skeleton (D:7)
  A worker ant zombie (D:5)
  19 adders
  3 giant centipedes
  9 giant mites
  2 shadow imps (D:7)
  4 worms (D:7)
  3 giant eyeballs
  6 giant geckos
  An ooze (D:7)
  27 orcs
  12 ball pythons
  14 bats
  A bat skeleton (D:4)
  13 giant cockroaches
  14 hobgoblins
  13 kobolds
  7 quokkas
  14 giant newts
  11 goblins
  4 jackals (D:5)
  2 kobold skeletons (D:5)
  An orc skeleton (D:5)
  9 rats
  3 ballistomycetes (D:6)
254 creatures vanquished.

Vanquished Creatures (collateral kills)
  A jelly (Sewer)
  An orc wizard (D:4)
  A giant mite (Sewer)
  An orc (D:4)
4 creatures vanquished.

Vanquished Creatures (others)
  A giant spore (D:6)
1 creature vanquished.

Grand Total: 259 creatures vanquished

Notes
Turn   | Place    | Note
--------------------------------------------------------------
     0 | D:1      | M4edhros, the Octopode Transmuter, began the quest for the Orb.
     0 | D:1      | Reached XP level 1. HP: 13/13 MP: 3/3
   180 | D:1      | Reached XP level 2. HP: 15/18 MP: 4/4
   580 | D:1      | Reached skill level 4 in Unarmed Combat
   789 | D:1      | Reached XP level 3. HP: 23/23 MP: 6/6
  1253 | D:2      | Noticed Crazy Yiuf
  1261 | D:2      | Killed Crazy Yiuf
  1261 | D:2      | Reached skill level 5 in Unarmed Combat
  1261 | D:2      | Reached XP level 4. HP: 12/28 MP: 7/7
  1451 | D:2      | Learned a level 2 spell: Sticks to Snakes
  1455 | D:2      | Learned a level 3 spell: Spider Form
  1678 | D:2      | Reached XP level 5. HP: 33/33 MP: 9/9
  1817 | D:2      | Found a bloodstained altar of Trog.
  2392 | D:3      | Found a burning altar of Makhleb.
  2399 | D:3      | Reached XP level 6. HP: 38/38 MP: 10/10
  2764 | D:4      | Reached skill level 5 in Transmutations
  2976 | D:4      | Noticed Pikel
  2999 | D:4      | Killed Pikel
  2999 | D:4      | Reached skill level 7 in Transmutations
  2999 | D:4      | Reached XP level 7. HP: 30/43 MP: 12/12
  3248 | D:4      | Reached XP level 8. HP: 39/48 MP: 13/13
  3318 | D:5      | Entered Level 5 of the Dungeon
  3357 | D:5      | Found a glowing drain.
  3583 | Sewer    | Entered a sewer
  4311 | Sewer    | Reached skill level 5 in Dodging
  4607 | D:5      | Found a blossoming altar of Fedhas.
  4608 | D:5      | Found an ancient bone altar of Kikubaaqudgha.
  4907 | D:6      | Noticed Edmund
  5304 | D:5      | Killed Edmund
  5370 | D:6      | Reached XP level 9. HP: 53/53 MP: 14/14
  5567 | D:6      | Reached skill level 8 in Dodging
  5766 | D:6      | Found a staircase to the Ecumenical Temple.
  6028 | D:7      | Found an iron altar of Okawaru.
  6066 | Temple   | Entered the Ecumenical Temple
  6076 | Temple   | Became a worshipper of Xom of Chaos
  6132 | D:7      | Reached skill level 9 in Dodging
  6157 | D:7      | Noticed Eustachio
  6162 | D:7      | XOM: potion effect (might)
  6165 | D:7      | XOM: potion effect (speed)
  6170 | D:7      | Killed Eustachio
  6257 | D:7      | XOM: potion effect (curing)
  6263 | D:7      | XOM: cast spell 'Summon Butterflies'
  6548 | D:7      | Noticed Vidiiot's ghost (experienced KoAr)
  6720 | D:7      | XOM: confuse monster(s)
  6721 | D:7      | Killed Vidiiot's ghost
  6721 | D:7      | Reached skill level 10 in Dodging
  7030 | D:7      | Reached skill level 11 in Dodging
  7030 | D:7      | Reached XP level 10. HP: 58/58 MP: 16/16
  7090 | D:7      | XOM: harmless Chrm miscast
  7212 | D:7      | XOM: enchant monster (bad)
  7375 | D:7      | XOM: confuse monster(s)
  7427 | D:7      | XOM: harmless Ice miscast
  7710 | D:7      | Noticed a spriggan baker
  7710 | D:7      | XOM: confuse monster(s)
  7718 | D:7      | Killed a spriggan baker
  7756 | D:8      | XOM: cast spell 'Dragon Form'
  7760 | D:8      | Reached skill level 12 in Dodging
  7902 | D:8      | Found a sparkling altar of Nemelex Xobeh.
  7910 | D:8      | Found a deep blue altar of Sif Muna.
  7920 | D:8      | XOM: silly message
  7926 | D:8      | Noticed Grum
  7947 | D:8      | Slain by Grum

Action                   |  1- 3 |  4- 6 |  7- 9 | 10-12 || total
-------------------------+-------+-------+-------+-------++-------
Melee: Unarmed           |    38 |       |       |     5 ||    43
       Mace              |    35 |   131 |       |       ||   166
       Whip              |       |       |   382 |   100 ||   482
 Cast: Sticks to Snakes  |       |       |     7 |       ||     7
 Abil: Evoke Berserk Rag |       |       |     2 |     2 ||     4
Evoke: Wand              |       |       |     3 |       ||     3
  Use: Scroll            |     3 |       |     6 |     2 ||    11
       Potion            |       |     9 |     8 |     1 ||    18
 Stab: Sleeping          |     4 |     1 |     9 |       ||    14
       Distracted        |       |       |     2 |       ||     2
